Map: 로맨티사이드 - 래더

Players

RagnaroK (SHIN) - Winner!

  • Race: Zerg Zerg
  • Spawn Location: 5:00

Kelazhur

  • Race: Terran Terran
  • Spawn Location: 11:00

Event: Cheeseadelphia Winter Championship 2021

VOD

Have the link to the VOD?

Description

Time

  • Played on: Jan. 23, 2021, 4:39 p.m.
  • Length: 11:40

All games in this series

Show
View Real Time Build Order
Export as new Build Order

RagnaroK Zerg - Winner!

Build Orders: Pool First, Muta Ling Bane 

Get SALT Encoding   

  12  0:00  Drone  
  13  0:12  Overlord  
  13  0:17  Drone  
  14  0:31  Drone  
  14  0:32  Drone  
  16  0:40  Spawning Pool  
  15  0:44  Drone  
  15  0:48  Drone  
  17  1:10  Hatchery  
  17  1:11  Drone  
  17  1:14  Extractor  
  16  1:27  Zergling x4  
  16  1:28  Zergling x2  
  16  1:31  Queen  
  21  1:42  Overlord  
  21  1:51  Drone  
  22  2:01  Drone  
  22  2:07  Queen  
  25  2:12  Drone  
  26  2:16  Metabolic Boost  
  26  2:25  Queen  
  26  2:28  Drone x2  
  30  2:34  Drone x2  
  31  2:38  Drone  
  31  2:40  Drone  
  31  2:42  Drone  
  31  2:44  Drone  
  35  2:48  Drone  
  34  2:57  Overlord, Drone  
  35  3:08  Hatchery  
  35  3:12  Drone x2  
  36  3:17  Queen  
  38  3:24  Roach Warren  
  38  3:27  Drone x2  
  38  3:30  Drone  
  38  3:32  Drone  
  41  3:34  Overlord  
  41  3:38  Drone  
  42  3:45  Drone  
  42  3:47  Overlord  
  43  4:00  Queen  
  45  4:04  Roach x3  
  45  4:05  Roach x2  
  55  4:12  Roach  
  55  4:13  Zergling x2  
  55  4:14  Zergling x4  
  55  4:16  Overlord x2  
  60  4:22  Queen  
  62  4:28  Drone x4  
  66  4:34  Overlord  
  66  4:35  Drone x3  
  66  4:38  Spore Crawler  
  68  4:41  Spore Crawler, Drone  
  68  4:43  Drone  
  68  4:44  Drone  
  70  4:46  Drone  
  70  4:48  Drone  
  70  4:49  Drone  
  70  4:51  Drone  
  74  4:54  Drone x2  
  74  5:01  Drone  
  74  5:02  Spore Crawler, Drone x2  
  74  5:05  Lair  
  76  5:08  Extractor  
  76  5:13  Drone x4  
  79  5:15  Drone  
  79  5:17  Extractor  
  79  5:18  Extractor, Drone x2  
  79  5:19  Drone x2  
  82  5:22  Extractor x2  
  82  5:24  Drone x2  
  82  5:30  Drone  
  82  5:31  Drone x3, Evolution Chamber x2  
  82  5:35  Overlord, Drone  
  85  5:36  Drone  
  85  5:39  Drone  
  87  5:44  Zergling x6  
  90  5:51  Overlord x3  
  90  5:57  Drone  
  91  5:59  Drone  
  91  6:04  Zerg Ground Armor Level 1, Zerg Melee Weapons Level 1  
  92  6:07  Drone  
  92  6:08  Drone x2  
  92  6:09  Baneling Nest  
  94  6:11  Drone x2  
  94  6:12  Hatchery  
  94  6:18  Zergling x10  
  98  6:23  Zergling x2  
  100  6:30  Ravager x2  
  100  6:31  Ravager x3  
  105  6:33  Overlord  
  105  6:34  Zergling x16  
  113  6:42  Zergling x4  
  113  6:49  Zergling x6  
  113  6:53  Centrifical Hooks  
  113  6:55  Spire  
  112  7:01  Overlord  
  112  7:02  Zergling x16  
  120  7:11  Overlord, Drone x2  
  122  7:17  Overlord  
  122  7:18  Drone  
  122  7:21  Baneling x7  
  122  7:22  Baneling x5  
  123  7:29  Zergling x14  
  126  7:37  Zergling x14  
  128  7:43  Overlord  
  130  7:44  Baneling  
  130  7:45  Baneling x4  
  130  7:50  Zergling x2  
  130  7:51  Zergling x8  
  134  7:56  Zergling x2  
  134  7:58  Drone x4  
  138  7:59  Zergling x4  
  141  8:05  Drone  
  141  8:06  Zergling x2, Drone  
  141  8:08  Zerg Flyer Weapons Level 1  
  141  8:10  Overlord  
  142  8:16  Mutalisk x6  
  142  8:17  Mutalisk x2  
  158  8:26  Mutalisk x2  
  162  8:28  Drone x4  
  162  8:29  Overlord, Drone x3  
  168  8:35  Overlord  
  168  8:43  Overlord  
  168  8:45  Hatchery  
  168  8:47  Zerg Melee Weapons Level 2, Zerg Ground Armor Level 2  
  169  8:48  Zergling x12  
  169  8:51  Extractor  
  169  8:52  Drone x2  
  174  8:56  Zergling x12  
  180  9:04  Mutalisk  
  180  9:05  Mutalisk x2  
  184  9:18  Zergling x26, Infestation Pit  
  184  9:20  Baneling x5  
  184  9:21  Baneling  
  192  9:26  Zergling x10  
  193  9:37  Drone x2  
  195  9:42  Zergling x10  
  196  9:52  Zergling x22  
  200  9:58  Hatchery  
  194  10:01  Baneling x28  
  194  10:03  Zergling x10  
  198  10:09  Hive  
  198  10:13  Zergling x16  
  199  10:15  Zergling x4  
  198  10:28  Zergling x14  
  180  10:33  Mutalisk x3  
  164  10:36  Mutalisk  
  164  10:39  Zergling x4  
  164  10:40  Zergling x14  
  164  10:42  Zergling x2  
  174  10:46  Zergling x4  
  174  10:49  Zergling x4  
  165  10:51  Zergling x4  
  165  10:56  Baneling  
  165  10:57  Baneling x15  
  165  10:58  Zergling x2  
  165  10:59  Zergling x4  
  168  11:05  Drone  
  168  11:06  Drone x2  
  168  11:07  Baneling x12  
  168  11:08  Baneling  
  168  11:09  Zergling x2  
  168  11:11  Drone x2  
  174  11:17  Zergling x6  
  162  11:22  Zergling x2  
  162  11:23  Zergling x4  
Show
View Real Time Build Order
Export as new Build Order

Kelazhur Terran 

Build Orders: Reaper Expand, Hellion Banshee 

Get SALT Encoding   

  12  0:00  SCV  
  13  0:12  SCV  
  14  0:17  Supply Depot  
  14  0:24  SCV  
  15  0:38  SCV  
  15  0:40  Barracks  
  16  0:44  Refinery  
  16  0:50  SCV  
  17  1:02  SCV  
  18  1:15  SCV  
  19  1:27  Orbital Command, Reaper  
  20  1:37  Command Center  
  20  1:47  Supply Depot  
  20  1:52  SCV  
  21  1:59  Marine  
  22  2:04  Factory  
  22  2:05  SCV  
  23  2:17  Marine  
  23  2:18  SCV  
  23  2:44  Barracks Reactor  
  21  2:45  SCV  
  21  2:55  Command Center  
  21  2:58  SCV  
  22  3:08  Starport  
  22  3:10  SCV  
  23  3:20  Orbital Command  
  23  3:22  SCV  
  23  3:26  Hellion x2  
  28  3:29  Barracks Tech Lab  
  28  3:34  SCV  
  29  3:45  SCV  
  29  3:46  SCV  
  29  3:48  Hellion x2  
  35  3:57  Banshee  
  35  3:58  Barracks Tech Lab, SCV x2  
  35  4:00  Refinery  
  40  4:07  Orbital Command  
  40  4:09  Hellion  
  42  4:10  SCV x2  
  42  4:13  Hellion  
  46  4:19  Marine  
  46  4:22  SCV  
  46  4:23  SCV  
  49  4:28  Stimpack  
  49  4:29  Supply Depot  
  49  4:35  Bunker x2  
  49  4:37  Marauder  
  51  4:39  SCV x2  
  51  4:40  SCV  
  51  4:45  Hellion  
  56  4:47  Hellion  
  56  4:51  Supply Depot  
  56  4:52  SCV  
  59  4:53  SCV  
  59  4:57  SCV  
  61  5:04  SCV  
  61  5:05  SCV  
  63  5:07  Marine  
  64  5:15  Starport Reactor, SCV  
  64  5:16  Barracks, SCV  
  64  5:18  Barracks, SCV  
  67  5:25  Siege Tank, Marine  
  67  5:27  SCV  
  72  5:28  SCV  
  72  5:29  Refinery  
  72  5:30  SCV  
  72  5:31  Supply Depot, Refinery  
  74  5:39  Engineering Bay, SCV  
  74  5:40  Engineering Bay  
  74  5:41  SCV  
  74  5:42  SCV  
  77  5:44  Supply Depot  
  77  5:48  Marine  
  77  5:53  SCV x2  
  77  5:54  SCV  
  77  5:55  Supply Depot  
  80  6:00  Siege Tank  
  80  6:03  Orbital Command  
  83  6:05  SCV, Marine x2  
  83  6:07  Starport Reactor  
  83  6:09  Terran Infantry Armor Level 1, Terran Infantry Weapons Level 1  
  83  6:10  SCV  
  83  6:11  Supply Depot  
  87  6:17  SCV  
  88  6:19  Marine x2  
  88  6:20  Marine  
  88  6:23  SCV  
  92  6:26  Barracks x2  
  92  6:29  Marine  
  92  6:32  Siege Tank  
  96  6:33  SCV x2  
  96  6:35  SCV  
  96  6:36  Marine  
  98  6:45  SCV  
  99  6:47  Marine x3  
  99  6:52  Medivac x2  
  99  6:54  Marine x2  
  105  6:55  SCV x2  
  105  6:59  Armory  
  108  7:02  Supply Depot  
  108  7:03  Combat Shield, Supply Depot  
  108  7:04  Supply Depot  
  108  7:07  Siege Tank  
  111  7:09  SCV x3  
  111  7:11  Marine x2  
  111  7:12  Marine  
  111  7:13  Barracks Reactor  
  117  7:15  Barracks Reactor  
  117  7:19  Marine  
  114  7:23  SCV  
  114  7:26  SCV  
  114  7:28  SCV, Marine x2  
  118  7:36  Medivac  
  118  7:37  Medivac  
  114  7:39  SCV x2  
  114  7:42  Marine x2  
  114  7:43  Marine  
  115  7:48  Supply Depot  
  115  7:51  Supply Depot  
  115  7:53  Marine  
  115  7:55  Barracks x2, Marine x2  
  115  7:56  Barracks, Marine  
  115  7:57  Marine  
  115  7:58  Marine  
  121  8:01  Marine  
  121  8:03  Siege Tank  
  125  8:09  Refinery  
  125  8:10  Terran Infantry Weapons Level 2  
  125  8:17  Terran Infantry Armor Level 2, Supply Depot  
  125  8:24  Marine x8  
  125  8:26  Marine  
  132  8:33  Medivac  
  134  8:38  Siege Tank  
  137  8:42  Supply Depot, Marine  
  137  8:43  Marine  
  137  8:44  Marine x10  
  149  8:55  Supply Depot  
  149  8:57  Medivac  
  151  9:03  Medivac  
  151  9:06  Marine x7  
  151  9:07  Supply Depot, Marine x4  
  164  9:16  Marine  
  165  9:24  Marine x3  
  161  9:27  Marine x8  
  161  9:29  Siege Tank  
  171  9:34  Missile Turret, Marauder  
  173  9:42  Marine x3  
  176  9:47  Marine  
  176  9:48  Marine x5  
  176  9:49  Marine  
  176  9:51  Marine  
  182  9:53  Supply Depot  
  182  9:55  Supply Depot, Marauder  
  182  9:59  Medivac x2  
  188  10:10  Siege Tank  
  188  10:14  Marine  
  175  10:34  Marine x12  
  141  10:42  Command Center, Siege Tank  
  124  10:51  Marine  
  124  10:52  Marine x11  
  128  11:09  Marine x3  
  128  11:10  Marine  
Tags
 
Add a new tag
Caveats
  • Supply blocks, unpowered buildings, or Contaminate may cause inaccurate times.
  • Supply counts are checked every 10 seconds.